 Dungeon Crawl Stone Soup version 0.26-a0-519-gb2f46efeda (webtiles) character file.

Game seed: 15612899915412426610

373712 kharz the Gelid (level 22, -1/198 HPs)
             Began as a Barachi Ice Elementalist on Aug 6, 2020.
             Was the Champion of Cheibriados.
             Killed from afar by a shadow dragon (20 damage)
             ... with a bolt of negative energy
             ... on level 5 of the Vaults on Aug 11, 2020.
             The game lasted 08:08:20 (51099 turns).

kharz the Gelid (Barachi Ice Elementalist)         Turns: 51099, Time: 08:08:21

Health: -1/198     AC: 36    Str: 29    XL:     22   Next: 72%
Magic:  51/51      EV: 11    Int: 44    God:    Cheibriados [******]
Gold:   2352       SH: 22    Dex: 38    Spells: 33/52 levels left

rFire    + + .     SeeInvis .   y - +10 dagger of Corruption {venom, rElec Str+3}
rCold    + + +     Faith    .   d - +2 shield of Resistance {rF+ rC+ MR+}
rNeg     . . .     Spirit   .   A - +9 scales of the Dragon King {rPois rF+ rC+ MR+}
rPois    +         Reflect  +   M - +3 hat of Pondering {ponderous, MR+ MP+10 Int+5}
rElec    +         Harm     .   x - +1 cloak {rCorr}
rCorr    +         Clarity  +   c - +2 pair of gloves {archery}
MR       +++++                  F - +1 pair of boots {Stlth+}
Stlth    ..........             p - amulet of Ru's Fury {Reflect Int+3 SH+5}
HPRegen  0.43/turn              r - ring "Telyfos" {rElec rPois rC+ Int-2 Dex+6}
MPRegen  0.32/turn              j - ring of the Mage {Wiz MR++ Int+3}

@: frozen ramparts, very heavily drained, very slow
A: +LOS, swims, clarity, robust 1, slowness 1, no potion heal 1, strong legs 2
}: 2/15 runes: decaying, serpentine
a: Hop, Bend Time, Temporal Distortion, Slouch, Step From Time, Renounce
Religion


You were on level 5 of the Vaults.
You worshipped Cheibriados.
Cheibriados was exalted by your worship.
You visited 8 branches of the dungeon, and saw 40 of its levels.
You visited 1 bazaar.
You also visited: Gauntlet and Ice Cave.

You collected 5510 gold pieces.
You spent 3158 gold pieces at shops.

Inventory:

Hand Weapons
 k - a +2 vampiric double sword
 y - the +10 dagger of Corruption (weapon) {venom, rElec Str+3}
   (You found it on level 2 of the Vaults)

   It poisons the flesh of those it strikes.
   It affects your strength (+3).
   It insulates you from electricity.
 B - the +11 battleaxe "Lop Ziaf" {speed, +Fly rPois rF+ rN+}
   (You took it off a deep elf demonologist on level 3 of the Elven Halls)

   Attacks with this weapon are significantly faster.
   It protects you from fire.
   It protects you from poison.
   It protects you from negative energy.
   It lets you fly.
   Cheibriados disapproves of the use of such an item.
Missiles
 h - 4 throwing nets
 z - 28 silver javelins (quivered)
Armour
 c - a +2 pair of gloves of archery (worn)
 d - the +2 shield of Resistance (worn) {rF+ rC+ MR+}
   (You found it on level 11 of the Dungeon)

   It protects you from fire.
   It protects you from cold.
   It affects your resistance to hostile enchantments.
 x - a +1 cloak of preservation (worn)
 A - the +9 scales of the Dragon King (worn) {rPois rF+ rC+ MR+}
   (You took it off a deep elf high priest on level 3 of the Elven Halls)

   It protects you from fire.
   It protects you from cold.
   It protects you from poison.
   It affects your resistance to hostile enchantments.
 F - a +1 pair of boots of stealth (worn)
 M - the +3 hat of Pondering (worn) {ponderous, MR+ MP+10 Int+5}
   (You took it off Gastronok on level 2 of the Lair of Beasts)

   It affects your intelligence (+5).
   It affects your resistance to hostile enchantments.
   It affects your magic capacity (+10).
Magical Staves
 H - an uncursed staff of energy
 P - an uncursed staff of cold
Jewellery
 b - an uncursed ring of see invisible
 j - the ring of the Mage (right hand) {Wiz MR++ Int+3}
   (You took it off a deep elf demonologist on level 3 of the Elven Halls)

   [ring of wizardry]

   It improves your spell success rate.
   It affects your intelligence (+3).
   It affects your resistance to hostile enchantments.
 p - the amulet of Ru's Fury (around neck) {Reflect Int+3 SH+5}
   (You took it off a deep elf archer on level 3 of the Elven Halls)

   [amulet of reflection]

   It shields you and reflects attacks.
   It affects your intelligence (+3).
   It affects your SH (+5).
 r - the ring "Telyfos" (left hand) {rElec rPois rC+ Int-2 Dex+6}
   (You bought it in a shop in a bazaar)

   [ring of dexterity]

   It affects your intelligence (-2).
   It affects your dexterity (+6).
   It protects you from cold.
   It insulates you from electricity.
   It protects you from poison.
 R - an uncursed amulet of magic regeneration
 Z - an uncursed ring of resist corrosion
Wands
 g - a wand of acid (5)
 G - a wand of iceblast (22)
 I - a wand of paralysis (65)
 L - a wand of disintegration (46)
 Q - a wand of digging (11)
Scrolls
 a - 7 scrolls of fog
 f - a scroll of amnesia
 l - 5 scrolls of magic mapping
 n - a scroll of torment
 u - a scroll of enchant armour
 v - 3 scrolls of enchant weapon
 w - a scroll of teleportation
 K - 19 scrolls of remove curse
 N - a scroll of identify
 O - a scroll of summoning
 S - 3 scrolls of holy word
 V - 4 scrolls of blinking
Potions
 i - 15 potions of curing
 q - 2 potions of might
 D - 3 potions of flight
 E - 2 potions of mutation
 J - 2 potions of invisibility
 T - 3 potions of ambrosia
 U - a potion of cancellation
 W - 2 potions of resistance
Miscellaneous
 e - a lightning rod (4/4)
 m - a phial of floods
 o - a condenser vane (1/2)
 t - a box of beasts (inert)
 C - a phantom mirror


   Skills:
 * Level 16.7(9.9) Fighting
 + Level 14.1(7.7) Armour
 + Level 14.3(7.8) Dodging
 - Level 1.7(0.0) Stealth
 - Level 15.0(8.4) Shields
 + Level 15.9(9.2) Spellcasting
 + Level 14.9(8.4) Conjurations
 - Level 5.4(0.2) Summonings
 - Level 4.0(0.0) Translocations
 + Level 19.2(12.0) Ice Magic
 - Level 10.0(4.1) Invocations
 - Level 10.0(4.1) Evocations


You had 33 spell levels left.
You knew the following spells:

 Your Spells              Type           Power        Failure   Level
b - Frozen Ramparts       Ice            ######       1%          3
c - Ozocubu's Armour      Ice            #######.     1%          3
d - Summon Ice Beast      Ice/Summ       ######..     36%         4
e - Hailstorm             Conj/Ice       #######.     8%          4
f - Blink                 Tloc           N/A          56%         2
g - Mephitic Cloud        Conj/Pois/Air  #####...     41%         3

Your spell library contained the following spells:

 Spells                   Type           Power        Failure   Level
 Freeze                   Ice            ####         1%          1
 Magic Dart               Conj           ####         1%          1
 Searing Ray              Conj           ######       2%          2
 Ensorcelled Hibernation  Hex/Ice        ######       6%          2
 Foxfire                  Conj/Fire      ####         9%          1
 Shock                    Conj/Air       ####         9%          1
 Conjure Flame            Conj/Fire      ######..     26%         3
 Dazzling Flash           Conj/Hex       ######       26%         3
 Static Discharge         Conj/Air       ######..     26%         3
 Stone Arrow              Conj/Erth      ######       26%         3
 Summon Small Mammal      Summ           ###.         38%         1
 Animate Skeleton         Necr           ###...       43%         1
 Corona                   Hex            ###....      43%         1
 Pain                     Necr           ###.         43%         1
 Sting                    Tmut/Pois      ###.         43%         1
 Call Imp                 Summ           ###.....     52%         2
 Corpse Rot               Necr/Air       N/A          56%         2
 Slow                     Hex            ###.....     56%         2
 Swiftness                Air            ###.....     56%         2
 Sticky Flame             Conj/Fire      ######..     61%         4
 Metabolic Englaciation   Hex/Ice        ######....   71%         5
 Call Canine Familiar     Summ           ###.....     75%         3
 Summon Guardian Golem    Hex/Summ       ###.....     77%         3
 Confusing Touch          Hex            ###.....     78%         3
 Gell's Gravitas          Tloc           ###.......   78%         3
 Inner Flame              Hex/Fire       ###.....     78%         3
 Tukima's Dance           Hex            ###.....     78%         3
 Vampiric Draining        Necr           ###.......   78%         3
 Fireball                 Conj/Fire      ######....   90%         5
 Lightning Bolt           Conj/Air       ######....   90%         5
 Summon Lightning Spire   Summ/Air       ###.....     98%         4
 Airstrike                Air            ###.......   99%         4
 Animate Dead             Necr           ###.......   99%         4
 Petrify                  Tmut/Erth      ###.....     99%         4
 Agony                    Necr           ###.....     100%        5
 Summon Forest            Summ/Tloc      ###.......   100%        5
 Yara's Violent Unravell  Hex/Tmut       ###.......   100%        5
 Death Channel            Necr           ###.......   100%        6
 Eringya's Noxious Bog    Tmut/Pois      ###.......   100%        6
 Hydra Form               Tmut           ###.......   100%        6
 Starburst                Conj/Fire      ######....   100%        6
 Orb of Destruction       Conj           #######...   100%        7
 Summon Hydra             Summ           ###.......   100%        7


Dungeon Overview and Level Annotations

Branches:
Dungeon (15/15)            Temple (1/1) D:6            Lair (6/6) D:9
  Swamp (4/4) Lair:4        Snake (4/4) Lair:4        Slime (0/5) Lair:6
    Orc (2/2) D:10            Elf (3/3) Orc:2        Vaults (5/5) D:13
  Crypt (0/3) Vaults:3     Depths (0/5) D:15          IceCv (visited)
Gauntlet (visited)

Altars:
Ashenzari
Cheibriados
Dithmenos
Elyvilon
Fedhas
Gozag
Hepliaklqana
Kikubaaqudgha
Makhleb
Nemelex Xobeh
Okawaru
Qazlal
Ru
Sif Muna
Trog
Uskayaw
Vehumet
Wu Jian
Xom
Yredelemnul
Zin
The Shining One
Beogh
Jiyva

Shops:
D:4 *   D:6 :   D:7 :   D:13 !   Orc:2 !((?   Elf:1 =   Elf:2 (   Elf:3 ?
Snake:1 }=}   Vaults:4 *

Portals:
Trove: D:10 (give 18 potions of curing)

Annotations:
D:14 Ocrulaeg's ghost, adept FoFi


Innate Abilities, Weirdness & Mutations

You can be seen from farther away. (+LOS)
You can swim through water.
You cover ground slowly.
You can hop long distances.
You possess an exceptional clarity of mind.
You are robust. (+10% HP)
Potions are less effective at restoring your health.


Message History

Your larval fireshock beast is drained!
Your larval fireshock beast dies!
Your larval fireshock beast's corpse disappears in a puff of smoke!
Your ice beast misses the shadow dragon.
Your ice beast hits the shadow dragon but does no damage.
Your ice beast closely misses the shadow dragon.
Are you sure you want to stumble around while confused and next to your ice beast? [Y]es or [N]o only, please.
Are you sure you want to stumble around while confused and next to your ice beast? [Y]es or [N]o only, please.
Are you sure you want to stumble around while confused and next to your ice beast?
You miss the shadow dragon.
The shadow dragon is almost dead.
You feel less invigorated.
You feel less confused.
The shadow dragon completely resists.
The wall freezes the shadow dragon but do no damage.
The shadow dragon breathes negative energy at you.
The bolt of negative energy hits you!!
You feel drained.
You die...

##.....##
##.....####
##.....##$)##
##.....##[!?(#
##.....##......
##.....##....)..
##.....##Y§......
#.##.....##YDY......
.........HH@D§......
..#.################
..... ..... #####


You could see 2 shadow dragons, 2 friendly mutant beasts and 3 friendly ice
beasts.

Vanquished Creatures
  2 ancient liches (Vaults:5)
  Bai Suzhen (Elf:3)
  Margery (Vaults:2)
  3 golden dragons
  2 tentacled monstrosities (Vaults:5)
  2 quicksilver dragons (Vaults:5)
  2 deep elf master archers (Elf:3)
  2 deep elf blademasters
  A sphinx (Vaults:1)
  2 shadow dragons (Vaults:5)
  A tengu reaver (Vaults:5)
  6 nagarajas
  2 storm dragons
  A thorn hunter (Swamp:2)
  The ghost of Xuhuq the Severer, an adept DsFi of Gozag (Snake:1)
  A fire giant (shapeshifter) (Vaults:4)
  2 fire giants
  A frost giant (Vaults:4)
  3 deep elf sorcerers
  15 vault wardens
  3 deep elf elementalists
  11 ironheart preservers
  2 very ugly things
  6 stone giants
  5 deep elf demonologists (Elf:3)
  2 entropy weavers
  Nessos (Orc:1)
  4 deep elf annihilators
  A minotaur (Gauntlet)
  5 ettins
  A crystal guardian (Vaults:3)
  Josephine (D:11)
  A fire dragon (Vaults:4)
  5 deep elf death magi
  3 great orbs of eyes
  2 deep elf high priests
  36 vault guards
  8 yaktaur captains
  A rakshasa (Vaults:2)
  A ghost crab (Swamp:4)
  7 naga warriors
  4 hydras
  10 ogre magi
  An ice dragon (Vaults:2)
  2 shambling mangroves
  3 centaur warriors
  4 alligators
  2 anacondas
  A death knight (Vaults:4)
  3 deep troll earth magi (Vaults:4)
  14 dancing weapons
  21 two-headed ogres
  A tengu warrior (Gauntlet)
  A deep troll shaman (Vaults:3)
  4 shock serpents
  10 death yaks
  2 naga sharpshooters (Snake:2)
  Nergalle (D:10)
  Urug (Lair:5)
  The ghost of Morrissey the Unseen, a journeyman SpEn of Dithmenos (D:10)
  2 spriggans (Swamp:3)
  3 hell knights (Vaults:2)
  4 shadow wraiths
  3 skeletal warriors (Vaults:1)
  10 deep elf knights
  15 deep trolls
  4 unseen horrors
  5 wizards
  2 naga ritualists (Snake:4)
  Pikel (D:7)
  12 deep elf archers
  11 ironbrand convokers
  3 swamp dragons
  2 mana vipers
  4 phantasmal warriors
  3 necromancers
  2 salamanders
  A mana viper (shapeshifter) (Elf:1)
  2 human zombies
  An orc sorcerer (Vaults:3)
  A manticore (D:14)
  13 orc knights
  4 cyclopes
  2 stone giant zombies
  44 deep elf magi
  12 ugly things
  A centaur zombie (D:14)
  2 black mambas (shapeshifter) (Vaults:1)
  A guardian serpent (Lair:6)
  4 elephants
  12 black mambas
  7 vault sentinels
  Psyche (D:8)
  11 naga magi
  A torpor snail (shapeshifter) (Vaults:4)
  4 cane toads
  2 efreet
  A komodo dragon (shapeshifter) (Vaults:3)
  29 yaktaurs
  2 komodo dragons
  2 ice devils (IceCv)
  5 freezing wraiths
  2 tyrant leeches (Swamp:4)
  A jumping spider (Vaults:3)
  5 slime creatures
  3 polar bears (Lair:6)
  6 trolls
  A jumping spider (shapeshifter) (Vaults:5)
  8 hornets
  Prince Ribbit (D:8)
  A bog body (Swamp:3)
  4 blink frogs (Lair:5)
  2 hippogriffs
  5 dream sheep (Lair:6)
  2 air elementals (Elf:2)
  A shadow (D:15)
  A centaur simulacrum (D:10)
  3 redbacks
  A spriggan (shapeshifter) (Vaults:4)
  2 water elementals
  6 wraiths
  28 yaks
  9 wyverns
  2 basilisks
  3 fire elementals
  An elf skeleton (Vaults:4)
  A basilisk (shapeshifter) (Vaults:1)
  4 vampire mosquitoes (Swamp:1)
  31 nagas
  2 acid dragons (Vaults:1)
  11 insubstantial wisps
  5 hell hounds (Lair:6)
  8 wargs
  3 swamp worms
  11 water moccasins
  A deep troll zombie (Vaults:3)
  A water moccasin (shapeshifter) (Vaults:5)
  6 porcupines
  28 orc warriors
  3 swamp drakes
  5 sky beasts
  4 ice beasts (Lair:2)
  3 black bears (Lair:6)
  14 ogres
  2 phantoms (D:4)
  An eye of draining (D:14)
  15 boggarts
  7 wolves (Lair:6)
  2 crocodiles (Lair:3)
  An ogre (shapeshifter) (Vaults:4)
  16 centaurs
  A lemure (D:7)
  6 bullfrogs
  A gnoll sergeant (Orc:2)
  An earth elemental (Elf:3)
  2 human simulacra
  16 wights
  2 howler monkeys
  A quasit (D:8)
  2 hounds
  2 jellies
  19 orc wizards
  13 orc priests
  A bullfrog skeleton (D:4)
  5 centaur skeletons
  4 iguanas
  Crazy Yiuf (D:5)
  5 worker ants
  Terence (D:2)
  Robin (D:2)
  3 gnolls (D:2)
  6 adders
  2 shadow imps
  5 white imps
  An ufetubus (D:8)
  3 oozes
  2 adder zombies
  A worm (D:4)
  7 leopard geckos
  49 orcs
  7 giant cockroaches
  15 goblins
  6 hobgoblins
  6 kobolds
  5 quokkas
  A ball python (D:1)
  4 bats
  6 frilled lizards
  2 leopard gecko skeletons (D:5)
  8 rats
  A briar patch (Swamp:2)
  A bush (D:14)
  3 fungi
  9 plants
1014 creatures vanquished.

Vanquished Creatures (collateral kills)
  Jorgrun (Snake:2)
  A tentacled monstrosity (Vaults:2)
  Asterion (Vaults:1)
  A titan (Vaults:5)
  A deep elf master archer (Elf:3)
  Gastronok (Lair:2)
  Frances (D:14)
  A storm dragon (Vaults:1)
  A sphinx (Vaults:4)
  An azure jelly (Lair:6)
  4 nagarajas
  Donald (Vaults:1)
  3 deep elf sorcerers (Elf:3)
  A fire giant (Vaults:5)
  Aizul (Snake:2)
  2 vault wardens
  A frost giant (Vaults:4)
  An ironheart preserver (Vaults:4)
  A stone giant (Vaults:3)
  A war gargoyle (Vaults:5)
  A very ugly thing (Swamp:3)
  2 deep elf demonologists
  An entropy weaver (Vaults:2)
  6 deep elf annihilators
  2 deep elf death magi
  3 fire dragons
  2 yaktaur captains
  A deep elf high priest (Elf:3)
  2 vault guards (Vaults:4)
  13 hydras
  2 ice dragons
  3 naga warriors
  A great orb of eyes (Vaults:1)
  3 shambling mangroves
  9 alligators
  4 anacondas
  3 centaur warriors
  2 death knights (Vaults:3)
  10 two-headed ogres
  3 death yaks
  2 tengu warriors
  6 dancing weapons (Elf:2)
  4 naga sharpshooters
  2 shock serpents (Snake:4)
  An orc high priest (D:14)
  Sonja (Lair:2)
  15 deep elf knights
  A skeletal warrior (D:13)
  4 deep trolls
  3 spriggan druids
  A storm dragon skeleton (Vaults:4)
  A swamp dragon (shapeshifter) (Vaults:1)
  3 ironbrand convokers
  8 swamp dragons
  A glowing orange brain (Vaults:1)
  6 necromancers
  10 orc knights
  2 phantasmal warriors
  8 deep elf archers
  A frost giant zombie (Vaults:5)
  28 deep elf magi
  An orc sorcerer (Elf:2)
  5 human zombies
  4 mana vipers
  3 wolf spiders
  A cyclops (D:12)
  7 ugly things
  A manticore (Lair:6)
  A tengu skeleton (Vaults:4)
  5 elephants
  13 black mambas
  2 guardian serpents
  2 vault sentinels
  5 naga magi (Snake:4)
  11 cane toads
  A torpor snail (Gauntlet)
  A yaktaur zombie (Vaults:1)
  A kobold demonologist (D:13)
  A rime drake (Lair:6)
  11 yaktaurs
  3 komodo dragons
  A yaktaur (shapeshifter) (Vaults:1)
  A tengu conjurer (Gauntlet)
  3 trolls
  6 polar bears (Lair:6)
  6 hornets
  13 bog bodies
  A troll (shapeshifter) (Vaults:4)
  6 tyrant leeches
  6 blink frogs
  2 raiju
  10 hippogriffs
  A meliai zombie (D:14)
  An ettin zombie (Vaults:4)
  5 slime creatures
  4 air elementals
  4 redbacks
  2 water elementals (Elf:1)
  5 wyverns
  32 yaks
  3 steam dragons
  A basilisk (Lair:4)
  4 vampire mosquitoes (Swamp:1)
  5 wargs
  19 nagas
  2 acid dragons
  6 insubstantial wisps
  7 swamp worms
  11 water moccasins
  9 hell hounds (Lair:6)
  A floating eye (shapeshifter) (Vaults:5)
  4 porcupines
  23 orc warriors
  2 sky beasts
  8 ice beasts
  9 swamp drakes
  11 black bears
  An eye of draining (D:12)
  A necrophage (D:8)
  12 ogres
  9 wolves (Lair:6)
  5 boggarts
  11 centaurs
  7 crocodiles
  A lemure (D:7)
  2 big kobolds
  Blork the orc (Orc:2)
  An earth elemental (Elf:1)
  6 bullfrogs
  A wyvern zombie (D:10)
  2 wyvern skeletons
  A human skeleton (Vaults:3)
  3 scorpions
  A human simulacrum (Vaults:1)
  9 wights
  2 electric eels (Lair:4)
  4 draconian simulacra (IceCv)
  6 bullfrog zombies
  8 hounds
  2 centaur zombies
  8 orc priests
  2 jellies
  3 bullfrog skeletons
  15 orc wizards
  9 centaur skeletons
  2 iguanas (D:10)
  8 worker ants
  2 troll simulacra (IceCv)
  2 centaur simulacra
  3 worker ant zombies
  A howler monkey skeleton (D:11)
  3 adders
  3 ogre simulacra (IceCv)
  3 shadow imps
  2 white imps
  2 leopard geckos
  40 orcs
  A giant cockroach (D:7)
  5 kobolds
  2 crawling corpses (Elf:3)
  4 fungi
  6 plants (Lair:6)
742 creatures vanquished.

Vanquished Creatures (others)
  A hydra (Swamp:1)
  A deep elf mage (Elf:1)
  A warg (Lair:6)
  An orc wizard (Orc:2)
  A quokka (D:9)
  A briar patch (Swamp:2)
  36 fungi
  24 plants
66 creatures vanquished.

Grand Total: 1822 creatures vanquished

Notes
Turn   | Place    | Note
-------+----------+-------------------------------------------
     0 | D:1      | kharz the Barachi Ice Elementalist began the quest for the
                  | Orb.
     0 | D:1      | Reached XP level 1. HP: 13/13 MP: 3/3
    93 | D:1      | Reached skill level 5 in Ice Magic
   193 | D:1      | Reached XP level 2. HP: 19/19 MP: 2/5
   963 | D:2      | Reached XP level 3. HP: 24/24 MP: 5/7
  1096 | D:2      | Learned a level 3 spell: Frozen Ramparts
  1100 | D:2      | Learned a level 3 spell: Ozocubu's Armour
  1136 | D:2      | Reached XP level 4. HP: 21/30 MP: 3/9
  1374 | D:2      | Reached skill level 6 in Ice Magic
  1559 | D:2      | Found an opulent altar of Gozag.
  1612 | D:2      | Noticed Terence
  1624 | D:2      | Killed Terence
  1624 | D:2      | Reached XP level 5. HP: 35/35 MP: 6/10
  1935 | D:2      | Noticed Robin
  1940 | D:2      | Killed Robin
  2204 | D:3      | Learned a level 4 spell: Summon Ice Beast
  2566 | D:3      | Reached skill level 7 in Ice Magic
  2566 | D:3      | Reached XP level 6. HP: 30/41 MP: 3/12
  2667 | D:3      | Found a shimmering altar of Xom.
  2670 | D:3      | Found a shimmering altar of Xom.
  2671 | D:3      | Found a shimmering altar of Xom.
  2672 | D:3      | Found a shimmering altar of Xom.
  2996 | D:4      | Reached skill level 1 in Summonings
  3160 | D:4      | Found a shattered altar of Ashenzari.
  3233 | D:4      | Found Ceugaip's General Store.
  3269 | D:4      | Reached skill level 5 in Spellcasting
  3469 | D:4      | Noticed a phantom
  3514 | D:4      | Killed a phantom
  3514 | D:4      | Reached XP level 7. HP: 40/46 MP: 14/14
  3651 | D:5      | Entered Level 5 of the Dungeon
  3807 | D:4      | Reached skill level 8 in Ice Magic
  3854 | D:5      | Found an ornate altar of the Wu Jian Council.
  3964 | D:5      | Noticed a hippogriff
  3996 | D:5      | Killed a hippogriff
  3996 | D:5      | Reached XP level 8. HP: 24/52 MP: 15/17
  4322 | D:4      | Bought a scroll of remove curse for 33 gold pieces
  4492 | D:5      | Found a runed translucent door.
  4493 | D:5      | Noticed Crazy Yiuf
  4501 | D:5      | Killed Crazy Yiuf
  4560 | D:5      | Reached skill level 5 in Summonings
  4788 | D:5      | Found a hide-covered altar of Uskayaw.
  5104 | D:6      | Reached skill level 9 in Ice Magic
  5187 | D:6      | Learned a level 4 spell: Hailstorm
  5342 | D:6      | Found Colomaph's Book Emporium.
  5429 | D:6      | Reached skill level 1 in Conjurations
  5882 | D:6      | Reached XP level 9. HP: 57/57 MP: 2/19
  5889 | D:6      | Found a staircase to the Ecumenical Temple.
  5895 | Temple   | Entered the Ecumenical Temple
  5904 | Temple   | Became a worshipper of Cheibriados the Contemplative
  6075 | D:7      | Found a blossoming altar of Fedhas.
  6076 | D:7      | Found a stormy altar of Qazlal.
  6076 | D:7      | Found a white marble altar of Elyvilon.
  6078 | D:7      | Found Agilym's Book Emporium.
  6145 | D:7      | Reached skill level 10 in Ice Magic
  6521 | D:7      | Reached * piety under Cheibriados
  6618 | D:7      | Noticed Pikel
  6624 | D:7      | Killed Pikel
  7555 | D:8      | Reached skill level 11 in Ice Magic
  7718 | D:8      | Got a transparent mace
  7833 | D:8      | Noticed Psyche
  8024 | D:8      | Identified the +6 mace of Hospitality {drain, Str+3} (You
                  | found it on level 8 of the Dungeon)
  8125 | D:8      | Reached ** piety under Cheibriados
  8125 | D:8      | Reached skill level 1 in Fighting
  8349 | D:8      | Reached skill level 1 in Shields
  8349 | D:8      | Reached XP level 10. HP: 44/66 MP: 14/22
  8395 | D:8      | Killed Psyche
  8488 | D:8      | Noticed Prince Ribbit
  8511 | D:8      | Killed Prince Ribbit
  8529 | D:8      | Found a glowing golden altar of the Shining One.
  8890 | D:9      | Reached skill level 5 in Conjurations
  8922 | D:9      | Reached *** piety under Cheibriados
  9075 | D:9      | Reached skill level 12 in Ice Magic
  9187 | D:9      | Reached **** piety under Cheibriados
  9370 | D:9      | Found a staircase to the Lair.
  9444 | D:9      | Found a sparkling altar of Nemelex Xobeh.
  9532 | D:9      | Found a hazy altar of Hepliaklqana.
  9617 | D:9      | Found a shadowy altar of Dithmenos.
  9798 | D:9      | Reached skill level 5 in Dodging
  9873 | D:9      | Reached skill level 5 in Fighting
  9873 | D:9      | Reached XP level 11. HP: 79/79 MP: 22/24
  9928 | D:9      | Found a sacrificial altar of Ru.
 10030 | D:10     | Entered Level 10 of the Dungeon
 10139 | D:10     | Found a transporter.
 10141 | D:10     | Noticed Morrissey's ghost (journeyman SpEn)
 10156 | D:10     | Noticed Nergalle
 10164 | D:10     | Killed Nergalle
 10167 | D:10     | Found a transporter.
 10168 | D:10     | Found a portal to a secret trove of treasure.
 10271 | D:10     | Found a transporter.
 10273 | D:10     | Noticed a deep elf knight
 10273 | D:10     | Noticed a yaktaur captain
 10275 | D:10     | Noticed a six-headed hydra
 10376 | D:10     | Found a staircase to the Orcish Mines.
 10446 | D:10     | Found a transporter.
 10462 | D:10     | Reached ***** piety under Cheibriados
 10656 | D:10     | Noticed a two-headed ogre
 10661 | D:10     | Killed a two-headed ogre
 10758 | D:10     | Noticed an ogre mage
 10764 | D:10     | Killed an ogre mage
 10936 | Lair:1   | Entered Level 1 of the Lair of Beasts
 11415 | Lair:1   | Reached skill level 1 in Armour
 11616 | Lair:2   | Found a frozen archway.
 11788 | IceCv    | Entered an ice cave
 12204 | IceCv    | Noticed a necromancer
 12211 | IceCv    | Killed a necromancer
 12211 | IceCv    | Reached skill level 13 in Ice Magic
 12932 | Lair:2   | Noticed Gastronok
 12940 | Lair:2   | Killed Gastronok
 12940 | Lair:2   | Reached skill level 10 in Spellcasting
 13070 | Lair:2   | Upgraded the game from 0.26-a0-497-g0187308201 to
                  | 0.26-a0-501-g57170428f2
 13087 | Lair:2   | Noticed Sonja
 13095 | Lair:2   | Killed Sonja
 13095 | Lair:2   | Reached XP level 12. HP: 77/88 MP: 26/26
 13369 | Lair:2   | Got a warped scimitar
 13371 | Lair:2   | Identified the +5 scimitar "Zoroe" {flame, Int+4 Stlth+}
                  | (You found it on level 2 of the Lair of Beasts)
 14063 | Lair:3   | Reached ****** piety under Cheibriados
 14345 | Lair:3   | Noticed a four-headed hydra
 14352 | Lair:3   | Killed a four-headed hydra
 15176 | Lair:4   | Noticed a five-headed hydra
 15181 | Lair:4   | Killed a five-headed hydra
 15345 | Lair:4   | Reached skill level 5 in Armour
 15418 | Lair:4   | Noticed a four-headed hydra
 15424 | Lair:4   | Killed a four-headed hydra
 15549 | Lair:4   | Found a staircase to the Snake Pit.
 15687 | Lair:4   | Noticed a death yak
 15688 | Lair:4   | Noticed a death yak
 15689 | Lair:4   | Noticed a death yak
 15695 | Lair:4   | Killed a death yak
 15698 | Lair:4   | Killed a death yak
 15711 | Lair:4   | Killed a death yak
 15830 | Lair:4   | Found a staircase to the Swamp.
 16473 | Lair:5   | Reached skill level 14 in Ice Magic
 16576 | Lair:5   | Gained mutation: You can hop long distances. [Barachi
                  | growth]
 16576 | Lair:5   | Reached XP level 13. HP: 92/93 MP: 25/28
 16677 | Lair:5   | Found a hide-covered altar of Uskayaw.
 16957 | Lair:5   | Noticed Urug
 16966 | Lair:5   | Killed Urug
 17366 | Lair:6   | Entered Level 6 of the Lair of Beasts
 17457 | Lair:6   | Reached skill level 10 in Conjurations
 17942 | Lair:6   | Reached skill level 10 in Dodging
 18007 | Lair:6   | Reached XP level 14. HP: 103/103 MP: 11/29
 18164 | Lair:6   | Found a runed translucent door.
 18164 | Lair:6   | Found a viscous altar of Jiyva.
 18171 | Lair:6   | Found a staircase to the Slime Pits.
 18171 | Lair:6   | Noticed an azure jelly
 18181 | Lair:6   | Killed an azure jelly
 18221 | Lair:6   | Reached skill level 15 in Ice Magic
 18520 | Lair:6   | Found a sacrificial altar of Ru.
 19210 | Orc:1    | Entered Level 1 of the Orcish Mines
 19596 | Orc:2    | Entered Level 2 of the Orcish Mines
 19618 | Orc:2    | Found Fismez's Magic Scroll Emporium.
 19634 | Orc:2    | Bought a scroll of teleportation for 36 gold pieces
 19634 | Orc:2    | Bought a scroll of magic mapping for 42 gold pieces
 19634 | Orc:2    | Bought a scroll of teleportation for 36 gold pieces
 19717 | Orc:2    | Found a staircase to the Elven Halls.
 19869 | Orc:2    | Reached skill level 1 in Evocations
 19886 | Orc:2    | Noticed Nessos
 19894 | Orc:2    | Noticed Blork the orc
 19902 | Orc:2    | Killed Blork the orc
 20328 | Orc:2    | Reached skill level 1 in Invocations
 20542 | Orc:2    | Found Xaawn's Antique Weapon Shoppe.
 20542 | Orc:2    | Found Siycladgh's Distillery.
 20545 | Orc:2    | Found Buklemm's Weapon Shop.
 20547 | Orc:2    | Found Lobyudgh's Distillery.
 20553 | Orc:2    | Bought a potion of invisibility for 104 gold pieces
 20561 | Orc:2    | Bought a quick blade for 450 gold pieces
 20772 | Orc:1    | Killed Nessos
 20993 | D:10     | Killed Morrissey's ghost
 21031 | D:10     | Learned a level 2 spell: Blink
 21035 | D:10     | Learned a level 3 spell: Mephitic Cloud
 21311 | D:11     | Found a runed translucent door.
 21312 | D:11     | Found the +2 shield of Resistance {rF+ rC+ MR+}
 21314 | D:11     | Found a runed translucent door.
 21715 | D:11     | Reached skill level 1 in Translocations
 21747 | D:11     | Noticed Josephine
 21980 | D:11     | Killed Josephine
 22590 | D:12     | Reached skill level 5 in Shields
 23671 | D:13     | Reached XP level 15. HP: 79/112 MP: 18/31
 23686 | D:13     | Found a gate to the Vaults.
 24007 | D:13     | Found Nattid's Distillery.
 24019 | D:13     | Bought a potion of magic for 104 gold pieces
 24019 | D:13     | Bought a potion of brilliance for 52 gold pieces
 24019 | D:13     | Bought a potion of curing for 39 gold pieces
 24019 | D:13     | Bought 2 potions of heal wounds for 130 gold pieces
 24019 | D:13     | Bought a potion of heal wounds for 65 gold pieces
 24019 | D:13     | Bought a potion of invisibility for 104 gold pieces
 24019 | D:13     | Bought a potion of curing for 39 gold pieces
 24654 | D:14     | Found a gate leading to a gauntlet.
 24681 | Gauntlet | Entered a Gauntlet
 24681 | Gauntlet | Found a transporter.
 24681 | Gauntlet | Found a runed translucent door.
 24682 | Gauntlet | Found a runed translucent door.
 24684 | Gauntlet | Found a transporter.
 24686 | Gauntlet | Found a transporter.
 24687 | Gauntlet | Found a transporter.
 24694 | Gauntlet | Found a runed translucent gate.
 24695 | Gauntlet | Found a transporter.
 24697 | Gauntlet | Found a runed translucent gate.
 24698 | Gauntlet | Found a runed translucent gate.
 24698 | Gauntlet | Found a transporter.
 24699 | Gauntlet | Found a transporter.
 24707 | Gauntlet | Found a transporter.
 24710 | Gauntlet | Found a transporter.
 24711 | Gauntlet | Found a transporter.
 24719 | Gauntlet | Found a transporter.
 24723 | Gauntlet | Found a transporter.
 24723 | Gauntlet | Found a transporter.
 24731 | Gauntlet | Found a transporter.
 24893 | Gauntlet | Gained mutation: You tend to lose your temper in combat. [a
                  | neqoxec]
 25266 | Gauntlet | Reached skill level 10 in Shields
 25611 | D:14     | Found a runed translucent gate.
 25611 | D:14     | Found a runed translucent gate.
 25611 | D:14     | Identified the +4 chain mail of the Monkey's Uncle {*Contam
                  | Harm rElec rN+++}
 25612 | D:14     | Found a runed translucent gate.
 25612 | D:14     | Found a roughly hewn altar of Beogh.
 25613 | D:14     | Noticed Ocrulaeg's ghost (adept FoFi)
 25614 | D:14     | Identified the cursed +0 chain mail of Eternal Vigilance
                  | {rC+ Str+2 Int-4}
 25871 | D:14     | Got an iridescent war axe
 25872 | D:14     | Identified the +1 war axe of Gahot {venom, MR- Int+5} (You
                  | found it on level 14 of the Dungeon)
 26126 | D:15     | Entered Level 15 of the Dungeon
 26570 | D:15     | Found a staircase to the Depths.
 26931 | D:14     | Noticed Frances
 26935 | D:14     | Gained mutation: Your magical capacity is low. (-10% MP) [a
                  | neqoxec]
 26953 | D:14     | Killed Frances
 27329 | Lair:4   | Lost mutation: Your magical capacity is low. (-10% MP)
                  | [potion of mutation]
 27329 | Lair:4   | Lost mutation: You tend to lose your temper in combat.
                  | [potion of mutation]
 27329 | Lair:4   | Gained mutation: You possess an exceptional clarity of
                  | mind. [potion of mutation]
 27329 | Lair:4   | Gained mutation: Your spells are a little harder to cast,
                  | but a little more powerful. [potion of mutation]
 27329 | Lair:4   | Lost mutation: Your spells are a little harder to cast, but
                  | a little more powerful. [potion of mutation]
 27329 | Lair:4   | Gained mutation: You are robust. (+10% HP) [potion of
                  | mutation]
 27343 | Swamp:1  | Entered Level 1 of the Swamp
 28157 | Snake:1  | Entered Level 1 of the Snake Pit
 28164 | Snake:1  | Found a runed translucent gate.
 28165 | Snake:1  | Found a runed translucent gate.
 28165 | Snake:1  | Found a runed translucent gate.
 28165 | Snake:1  | Noticed Xuhuq's ghost (adept DsFi)
 28196 | Snake:1  | Killed Xuhuq's ghost
 28196 | Snake:1  | Reached XP level 16. HP: 91/129 MP: 25/32
 28955 | Swamp:2  | Noticed a thorn hunter
 28974 | Swamp:2  | Killed a thorn hunter
 30494 | Swamp:4  | Entered Level 4 of the Swamp
 31220 | Swamp:4  | Reached skill level 15 in Shields
 32051 | Swamp:4  | Got a decaying rune of Zot
 32784 | Snake:1  | Found Qokheoz's Gadget Shop.
 32784 | Snake:1  | Found Yxair's Jewellery Emporium.
 32785 | Snake:1  | Found Gopt's Gadget Shop.
 33166 | Snake:2  | Noticed a nagaraja
 33175 | Snake:2  | Killed a nagaraja
 33327 | Snake:2  | Noticed Aizul
 33340 | Snake:2  | Killed Aizul
 33380 | Snake:2  | Reached skill level 10 in Armour
 33565 | Snake:2  | Noticed Jorgrun
 33574 | Snake:2  | Killed Jorgrun
 33574 | Snake:2  | Reached skill level 5 in Evocations
 33677 | Snake:2  | Reached XP level 17. HP: 133/138 MP: 30/33
 34740 | Snake:4  | Entered Level 4 of the Snake Pit
 34827 | Snake:4  | Reached skill level 10 in Fighting
 35620 | Snake:4  | Reached skill level 5 in Invocations
 35851 | Snake:4  | HP: 9/211 [naga warrior/+0 scimitar (3)]
 36058 | Snake:4  | Got a serpentine rune of Zot
 36504 | Snake:1  | Bought a condenser vane (4/4) for 260 gold pieces
 36504 | Snake:1  | Bought a phantom mirror for 390 gold pieces
 36507 | Snake:1  | Bought an uncursed ring of protection from magic for 475
                  | gold pieces
 36507 | Snake:1  | Bought an uncursed ring of fire for 475 gold pieces
 36581 | Lair:4   | Upgraded the game from 0.26-a0-501-g57170428f2 to
                  | 0.26-a0-504-g0cf647090d
 36771 | Elf:1    | Entered Level 1 of the Elven Halls
 36778 | Elf:1    | Reached skill level 16 in Ice Magic
 37161 | Elf:1    | Found Maddev's Jewellery Shop.
 37525 | Elf:1    | Got a bloodstained falchion
 37525 | Elf:1    | Identified the +6 falchion "Moep" {antimagic, Fragile Str+2
                  | SInv} (You found it on level 1 of the Elven Halls)
 37556 | Elf:1    | Identified the Papyrus of Attacks
 37927 | Elf:2    | Found Mifeosuo's Antique Weapon Shoppe.
 38048 | Elf:2    | Reached XP level 18. HP: 151/151 MP: 30/35
 38169 | Elf:2    | Found a runed translucent gate.
 38169 | Elf:2    | Found a runed translucent gate.
 38174 | Elf:2    | Found a runed translucent gate.
 38612 | Elf:2    | Noticed a deep elf blademaster
 38853 | Elf:2    | Killed a deep elf blademaster
 39663 | Elf:3    | Entered Level 3 of the Elven Halls
 39977 | Elf:3    | Found Oloez's Magic Scroll Shoppe.
 40089 | Elf:3    | Noticed Bai Suzhen
 40091 | Elf:3    | Noticed a deep elf blademaster
 40100 | Elf:3    | Killed a deep elf blademaster
 40316 | Elf:3    | Noticed a deep elf master archer
 40327 | Elf:3    | Killed a deep elf master archer
 40384 | Elf:3    | Killed Bai Suzhen
 40825 | Elf:3    | Noticed a deep elf master archer
 40840 | Elf:3    | Killed a deep elf master archer
 40863 | Elf:3    | Identified the amulet of Ru's Fury {Reflect Int+3 SH+5}
 41290 | Elf:3    | Reached XP level 19. HP: 145/160 MP: 36/36
 41307 | Elf:3    | Identified the +2 leather armour of Ynemos {+Blink MP+9
                  | Int+2}
 41435 | Elf:3    | Identified the +11 battleaxe "Lop Ziaf" {speed, +Fly rPois
                  | rF+ rN+}
 42133 | Elf:3    | Got a coiled jade ring
 42135 | Elf:3    | Identified the ring of Boce {rPois rF+ MR- Int+8 Slay-4}
                  | (You found it on level 3 of the Elven Halls)
 42139 | Elf:3    | Identified the Reference Book on Unstable Darkness
 42235 | Elf:3    | Gained mutation: Potions are less effective at restoring
                  | your health. [mutagenic glow]
 42361 | Elf:3    | Bought a scroll of blinking for 142 gold pieces
 42361 | Elf:3    | Upgraded the game from 0.26-a0-504-g0cf647090d to
                  | 0.26-a0-519-gb2f46efeda
 42593 | Vaults:1 | Entered Level 1 of the Vaults
 42593 | Vaults:1 | Noticed Donald
 42605 | Vaults:1 | Killed Donald
 42794 | Vaults:1 | Reached skill level 17 in Ice Magic
 43308 | Vaults:1 | Identified the +1 kite shield of Experimentation {Str+3}
 43308 | Vaults:1 | Noticed Asterion
 43323 | Vaults:1 | Killed Asterion
 44053 | Vaults:1 | Reached skill level 10 in Evocations
 44315 | Vaults:2 | Noticed a tentacled monstrosity
 44324 | Vaults:2 | Killed a tentacled monstrosity
 44333 | Vaults:2 | Reached XP level 20. HP: 91/171 MP: 8/38
 44653 | Vaults:2 | Identified the +10 dagger of Corruption {venom, rElec
                  | Str+3} (You found it on level 2 of the Vaults)
 44874 | Vaults:2 | Identified a +2 pair of boots of running (You found it on
                  | level 2 of the Vaults)
 45003 | Vaults:2 | Noticed Margery
 45581 | Vaults:2 | Killed Margery
 45663 | Vaults:3 | Found a flickering gateway to a bazaar.
 45680 | Bazaar   | Entered a bazaar
 45693 | Bazaar   | Found Yheareush's Gadget Shoppe.
 45695 | Bazaar   | Found Jimm's Antique Weapon Shoppe.
 45715 | Bazaar   | Found Beocso's Book Emporium.
 45716 | Bazaar   | Found Pimask's Assorted Antiques.
 45776 | Bazaar   | Bought a shimmering granite ring for 125 gold pieces
 45777 | Bazaar   | Identified the ring "Telyfos" {rElec rPois rC+ Int-2 Dex+6}
                  | (You bought it in a shop in a bazaar)
 46165 | Vaults:3 | Found a staircase to the Crypt.
 46484 | Vaults:3 | Reached skill level 18 in Ice Magic
 47260 | Vaults:4 | Reached XP level 21. HP: 102/181 MP: 26/39
 47373 | Vaults:4 | Reached skill level 15 in Spellcasting
 47400 | Vaults:4 | Reached skill level 10 in Invocations
 47437 | Vaults:4 | HP: 7/181 [vault warden/+2 great sword of electrocution
                  | (20)]
 48242 | Vaults:4 | Found Medgh's General Store.
 48270 | Vaults:4 | Bought a potion of curing for 57 gold pieces
 48398 | Vaults:5 | Entered Level 5 of the Vaults
 48401 | Vaults:5 | Noticed an ancient lich
 48402 | Vaults:5 | Reached skill level 15 in Fighting
 48615 | Vaults:5 | Noticed a golden dragon
 48620 | Vaults:5 | Killed an ancient lich
 48620 | Vaults:5 | Reached XP level 22. HP: 104/193 MP: 41/41
 49332 | Vaults:4 | Killed a golden dragon
 49887 | Vaults:5 | Reached skill level 19 in Ice Magic
 50028 | Vaults:5 | Identified the +4 short sword of Earthquakes {antimagic,
                  | *Slow rPois rN+ Int+2}
 50397 | Vaults:5 | Noticed a golden dragon
 50414 | Vaults:5 | Killed a golden dragon
 50889 | Vaults:5 | Noticed a golden dragon
 50891 | Vaults:5 | Noticed an ancient lich
 50908 | Vaults:5 | Killed an ancient lich
 50920 | Vaults:5 | Killed a golden dragon
 51090 | Vaults:5 | HP: 1/198 [shadow dragon/bolt of negative energy (30)]
 51099 | Vaults:5 | Killed from afar by a shadow dragon

Illustrated notes

Levels and vault maps discovered:
D:1:      ncdulo_halloftheorcs, layout_basic, minmay_misc_feat_tower,
          chequers_serial_rivers_micro_d, nrook_loot_triangle
D:2:      layout_basic, grunt_gozag_statues, uniq_robin, uniq_terence
D:3:      minmay_chambers_of_twos, layout_loops_ring, xom_redecorated,
          nrook_mini_backslash
D:4:      layout_loops_ring, serial_shops, kennysheep_mini, ashenzari_altar_1
D:5:      layout_basic, lemuel_coloured_pillars_altar, old_standard_altar,
          minmay_a_box_with_orc_wizards_in_it, uniq_crazy_yiuf_cottage
D:6:      layout_rooms, minmay_temple_entry_hall, serial_shops, shop
D:7:      layout_basic, chequers_temple_overflow_statue_of_worship,
          serial_shops, shop, uniq_pikel
D:8:      layout_loops_ring, kennysheep_mini_moat, grunt_ministairs_9,
          uniq_psyche, uniq_prince_ribbit1
D:9:      layout_rooms, kennysheep_little_box, overflow_temple_1_default,
          lemuel_round_altar, nicolae_overflow_hidden_temple,
          due_lair_maze_entry_diamond
D:10:     gammafunk_sealed_arena, layout_cross, orc_0_dummy, serial_glass,
          glass_columns_a, glass_columns_b, gammafunk_ghost_mausoleum,
          enter_trove_2, minmay_fractal_squares_gapless_7, uniq_nergalle
D:11:     layout_gridville, minmay_guarded_unrand_resistance, uniq_josephine
D:12:     layout_basic
D:13:     layout_rooms, hangedman_vaults_entry_quadrant_bands, serial_shops,
          shop
D:14:     layout_loops_ring, hangedman_decor_slide_cut,
          biasface_ghost_orc_armoury, gauntlet_entry_generic, minmay_hedge_maze,
          chequers_serial_rivers_micro_c, uniq_frances
D:15:     grunt_enter_depths_magical_seal, layout_rooms
Temple:   eino_temple_lava
Lair:1:   layout_loops_ring
Lair:2:   layout_regular_city, portal_ice_cave_entry_ice_beasts,
          chequers_serial_rivers_small_3, uniq_sonja, uniq_gastronok
Lair:3:   layout_regular_city
Lair:4:   layout_roguey, skrybe_swamp_entry_bodies, dummy_snake_entry,
          nicolae_quartered_pool_little, beast_lair_carwin_2, grunt_megastairs_3
Lair:5:   layout_gridlike, basic_altar, uniq_urug
Lair:6:   hangedman_lair_caniforms_friends, layout_gridlike,
          hangedman_lair_tendril_chambers, slime_altar_2, basic_altar,
          st_stairs_11, lemuel_old_faithful
Swamp:1:  layout_falls_marsh, evilmike_swamp_ruin_house_1
Swamp:2:  layout_falls_marsh, evilmike_swamp_ruin_house_5, swamp_pool1,
          nicolae_swamp_triple_paths
Swamp:3:  layout_basic_swamp, evilmike_swamp_ruin_house_6
Swamp:4:  swamp, layout_basic_swamp
Snake:1:  layout_misc_corridors, ebering_ghost_rock_garden,
          serial_bayou_shore_b, minmay_shop_grove
Snake:2:  layout_misc_corridors, uniq_aizul, uniq_jorgrun
Snake:3:  layout_honeycomb
Snake:4:  minmay_snake_end_coiled, layout_cave_town
Orc:1:    layout_diamond_mine
Orc:2:    st_orc_rangers, layout_caves, serial_shops, nicolae_shop_crystal,
          sword_in_stone, uniq_nessos
Elf:1:    minmay_elf_arrival_plus, layout_geoelf_grid, serial_shops, shop,
          minmay_elf_annihilation
Elf:2:    layout_onion_city, serial_shops, nicolae_shop_statue_plus
Elf:3:    minmay_elf_hall_quartered_circle, layout_onion_city, serial_shops,
          shop, uniq_bai_suzhen
Vaults:1: nicolae_vaults_little_squares_6, v_misc_14, vaults_dpeg_diagonal,
          v_alt_pattern_4, v_rooms_1, v_misc_24, grunt_vaults_trifunnel,
          nicolae_vaults_murderbox, nicolae_vaults_what_the_h, v_misc_4,
          layout_vaults_omnicross, uniq_donald, uniq_asterion
Vaults:2: nicolae_vaults_twisting_passages, v_misc_28,
          nicolae_vaults_yaktaur_gun_rack, st_cross,
          nicolae_vaults_little_squares_1, hangedman_vaults_corner_blocks,
          hangedman_vaults_pinch, nicolae_vaults_circle_grid_a,
          hangedman_vaults_capsules, nicolae_vaults_ring_of_whatevers,
          hangedman_vaults_stream, layout_vaults_big_room, uniq_margery
Vaults:3: vaults_standard_mumra_x, blue_anna_dwarven_crypt,
          ontoclasm_vaults_spin, ontoclasm_vaults_fault,
          nicolae_vaults_border_crossing, nicolae_vaults_little_squares_4,
          nicolae_vaults_three_branches, nicolae_vaults_asterisk,
          vaults_room_door_hall, hangedman_vaults_river_flow,
          layout_vaults_ring, serial_shops, bzr_entry_gold
Vaults:4: hangedman_vaults_nodes, v_rooms_6, v_alt_pattern_6,
          nicolae_vaults_quartermaster, hangedman_vaults_nails, v_pattern_1,
          nicolae_vaults_circle_grid_a, ontoclasm_vaults_shuriken,
          hangedman_vaults_corner_blocks, nicolae_vaults_ring_of_whatevers,
          ontoclasm_vaults_ring_small, nicolae_vaults_asterisk,
          ontoclasm_vaults_pinch, layout_vaults_maze_bifur, serial_shops,
          nicolae_shop_behind_doors
Vaults:5

Skill      XL: |  1  2  3  4  5  6  7  8  9 10 11 12 13 14 15 16 17 18 19 20 21 22 |
---------------+-------------------------------------------------------------------+-----
Ice Magic      | 5 6 7 8 9 11 12 13 14 15 16 17 18 19 | 19.2
Spellcasting   | 3 4 5 6 7 8 9 10 11 12 13 14 15 | 15.9
Summonings     | 2 4 5 |  5.4
Conjurations   | 2 4 6 7 9 10 11 12 13 14 | 14.9
Fighting       | 1 5 6 7 8 9 11 12 13 14 15 16 | 16.7
Shields        | 1 5 13 15 | 15.0
Dodging        | 5 7 8 10 11 12 13 14 | 14.3
Armour         | 3 6 8 9 10 11 12 13 14 | 14.1
Evocations     | 2 5 7 9 10 | 10.0
Invocations    | 2 3 6 7 8 9 10 | 10.0
Translocations | 1 3 4 |  4.0
Stealth        | |  1.7

Action                   |  1- 3 |  4- 6 |  7- 9 | 10-12 | 13-15 | 16-18 | 19-21 | 22-24 || total
-------------------------+-------+-------+-------+-------+-------+-------+-------+-------++-------
Melee: Unarmed           |     2 |       |       |       |       |       |       |       ||     2
       Dagger            |    12 |    26 |   160 |   118 |     8 |       |   104 |   100 ||   528
       Falchion          |       |    35 |    87 |     4 |       |    19 |       |       ||   145
       Staff             |       |       |    30 |   128 |   535 |   633 |   583 |   120 ||  2029
       Scimitar          |       |       |       |       |    42 |    18 |       |       ||    60
       Double sword      |       |       |       |       |       |       |    60 |       ||    60
Throw: Dart              |    13 |     7 |     7 |       |     1 |       |       |       ||    28
       Boomerang         |       |       |     1 |       |       |       |       |       ||     1
       Javelin           |       |       |       |       |       |     5 |       |       ||     5
 Cast: Freeze            |    26 |    24 |     8 |    19 |    26 |       |       |       ||   103
       Frozen Ramparts   |     1 |    14 |    19 |    20 |    56 |    31 |    58 |    17 ||   216
       Summon Ice Beast  |       |       |    68 |   223 |   407 |   451 |   237 |    60 ||  1446
       Ozocubu's Armour  |       |       |     1 |     7 |    27 |    21 |     1 |       ||    57
       Hailstorm         |       |       |    10 |    61 |   111 |   184 |   214 |    22 ||   602
       Mephitic Cloud    |       |       |       |       |     2 |     3 |       |       ||     5
Invok: Slouch            |       |       |       |       |       |       |     2 |       ||     2
 Abil: Hop               |       |     2 |     3 |       |     4 |       |       |       ||     9
Evoke: Wand              |       |    15 |     5 |       |    11 |     5 |     3 |     9 ||    48
       Lightning rod     |       |       |       |       |     8 |       |     3 |     4 ||    15
       Phial of floods   |       |       |       |       |     2 |     2 |       |       ||     4
       Box of beasts     |       |       |       |       |       |     4 |     5 |     3 ||    12
       Condenser vane    |       |       |       |       |       |     4 |     5 |     4 ||    13
  Use: Scroll            |       |     6 |     6 |    17 |    27 |    11 |    10 |       ||    77
       Potion            |       |     1 |     1 |     2 |    15 |     7 |     1 |     2 ||    29
 Stab: Sleeping          |     3 |     1 |     1 |       |       |     1 |       |       ||     6
       Distracted        |       |       |       |    11 |    17 |    27 |    33 |    11 ||    99
Armor: Robe              |     3 |     6 |    29 |    18 |    10 |       |       |       ||    66
       Animal skin       |       |     8 |       |       |       |       |       |       ||     8
       Chain mail        |       |    18 |    97 |       |       |       |       |       ||   115
       Skin              |       |       |    19 |       |       |    13 |       |       ||    32
       Troll leather arm |       |       |       |    58 |       |       |       |       ||    58
       Scale mail        |       |       |       |   125 |   344 |     3 |       |       ||   472
       Swamp dragon scal |       |       |       |       |       |   206 |       |       ||   206
       Gold dragon scale |       |       |       |       |       |       |   441 |   175 ||   616
Dodge: Dodged            |    13 |    57 |   121 |   396 |  1024 |   661 |   528 |   204 ||  3004
Block: Other             |       |       |    22 |       |       |       |       |       ||    22
       Kite shield       |       |       |       |       |   420 |   950 |  1088 |   405 ||  2863
       Reflection        |       |       |       |       |       |       |    14 |    11 ||    25
       Rpst.: Falchion   |       |     4 |     5 |       |       |     2 |       |       ||    11
       Scimitar          |       |       |       |       |    13 |     1 |       |       ||    14
       Double sword      |       |       |       |       |       |       |    11 |       ||    11

Table legend: (Time is in decaauts)
 A = Elapsed time spent in this place.
 B = Non-inter-level travel time spent in this place.
 C = Inter-level travel time spent in this place.
 D = Time resting spent in this place.
 E = Time spent auto-exploring this place.
 F = Levels seen in this place.
 G = Mean time per level.
                   A        B        C        D        E       F      G
               +--------+--------+--------+--------+--------+-----+--------+
         Total |  83951 |  76351 |   7600 |   9014 |  30914 |  43 | 1952.3 |
       Dungeon |  25313 |  23087 |   2226 |   1258 |  12262 |  15 | 1687.5 |
        Temple |     24 |     24 |      0 |      0 |      0 |   1 |   24.0 |
          Lair |  13962 |  12700 |   1262 |    342 |   8854 |   6 | 2327.0 |
         Swamp |   8800 |   8470 |    330 |   1212 |   4033 |   4 | 2200.0 |
     Snake Pit |   7640 |   6916 |    724 |    960 |   3015 |   4 | 1910.0 |
  Orcish Mines |   3363 |   2506 |    857 |    154 |    376 |   2 | 1681.5 |
   Elven Halls |   8986 |   8118 |    868 |   1887 |   1360 |   3 | 2995.3 |
        Vaults |  13530 |  12199 |   1331 |   2885 |    776 |   5 | 2706.0 |
        Bazaar |    279 |    279 |      0 |      0 |      0 |   1 |  279.0 |
      Ice Cave |   1034 |   1034 |      0 |    243 |    123 |   1 | 1034.0 |
      Gauntlet |   1015 |   1015 |      0 |     72 |    114 |   1 | 1015.0 |
               +--------+--------+--------+--------+--------+-----+--------+

Top non-repeatable levels by time:
Vaults:4: 4326 daAuts
   Elf:3: 3950 daAuts
   Elf:2: 3232 daAuts
  Lair:6: 3034 daAuts
 Swamp:4: 2982 daAuts
Vaults:1: 2862 daAuts
    D:12: 2803 daAuts
  Lair:4: 2697 daAuts
 Snake:4: 2676 daAuts
Vaults:2: 2598 daAuts
  Lair:3: 2596 daAuts
    D:11: 2455 daAuts
  Lair:2: 2347 daAuts
    D:14: 2335 daAuts
 Swamp:2: 2284 daAuts
